Map: New Repugnancy LE

Players

Bly - Winner!

  • Race: Zerg Zerg
  • Spawn Location: 7:00

RiSky

  • Race: Zerg Zerg
  • Spawn Location: 1:00

Event: 2019 WCS Summer

VOD

Have the link to the VOD?

Description

Time

  • Played on: July 12, 2019, 7:40 a.m.
  • Length: 11:57

All games in this series

Show
View Real Time Build Order
Export as new Build Order

Bly Zerg - Winner!

Build Orders: Pool First 

Get SALT Encoding   

  12  0:19  Spawning Pool  
  11  0:23  Drone  
  11  0:27  Drone  
  13  0:31  Drone  
  14  0:41  Overlord  
  14  1:05  Zergling x4  
  14  1:06  Zergling x2  
  17  1:16  Zergling x2  
  18  1:27  Zergling x2  
  18  1:32  Spine Crawler  
  18  1:35  Hatchery  
  17  1:41  Zergling x2  
  19  1:49  Queen  
  21  1:55  Overlord  
  21  2:12  Drone  
  22  2:22  Drone  
  22  2:23  Drone  
  23  2:32  Queen  
  22  2:40  Drone  
  22  2:46  Drone  
  22  2:48  Drone  
  22  2:49  Queen  
  25  3:01  Drone x2  
  27  3:05  Zergling x4  
  27  3:06  Zergling x2  
  27  3:12  Extractor, Queen  
  31  3:15  Overlord  
  31  3:19  Drone  
  32  3:21  Drone  
  34  3:34  Drone x5  
  38  3:43  Drone x3  
  41  3:49  Extractor  
  41  3:53  Overlord  
  40  3:58  Drone x2  
  40  4:01  Extractor  
  41  4:07  Evolution Chamber  
  41  4:08  Roach Warren  
  39  4:10  Drone  
  39  4:16  Drone x2  
  39  4:17  Drone x2  
  44  4:22  Drone  
  44  4:32  Drone x5  
  44  4:38  Lair  
  48  4:49  Evolution Chamber  
  48  4:50  Zerg Missile Weapons Level 1  
  46  4:53  Drone x2  
  46  4:54  Drone x2  
  46  4:56  Extractor  
  46  4:59  Drone x2  
  51  5:00  Drone  
  52  5:08  Overlord  
  52  5:12  Overlord x2  
  52  5:20  Overlord  
  52  5:29  Roach x4  
  52  5:30  Overlord  
  60  5:38  Glial Reconstitution  
  60  5:44  Spire  
  60  5:46  Roach x3  
  65  5:54  Overlord  
  65  6:14  Drone x3  
  67  6:19  Drone x2  
  67  6:20  Drone x4  
  73  6:26  Hatchery  
  72  6:39  Overlord  
  72  6:51  Overlord  
  72  6:57  Mutalisk x9  
  90  7:04  Roach x3  
  96  7:16  Overlord  
  96  7:17  Roach x2  
  98  7:24  Roach  
  98  7:28  Roach x3  
  98  7:31  Roach x4  
  100  7:39  Zerg Flyer Weapons Level 1  
  100  7:56  Hatchery  
  100  7:57  Roach x7  
  113  7:59  Hatchery  
  112  8:10  Drone x4  
  117  8:12  Overlord  
  116  8:21  Overlord  
  116  8:22  Overlord  
  116  8:23  Overlord  
  116  8:31  Roach x2  
  110  8:41  Roach x2  
  110  8:50  Mutalisk x2  
  110  8:55  Mutalisk x4  
  116  9:02  Queen  
  122  9:04  Overseer  
  122  9:05  Hatchery  
  123  9:13  Mutalisk  
  125  9:23  Mutalisk  
  127  9:25  Extractor, Overlord  
  127  9:28  Extractor  
  127  9:30  Roach x2  
  127  9:31  Roach x3, Overlord  
  135  9:35  Overlord  
  135  9:46  Overlord  
  135  9:48  Overlord  
  135  9:50  Roach  
  135  9:51  Roach x5  
  139  10:04  Roach x5  
  120  10:15  Roach x3  
  126  10:27  Roach x3  
  132  10:34  Roach  
  140  10:35  Roach x3  
  140  10:36  Roach x2  
  142  10:49  Roach  
  140  10:50  Roach x2  
  136  11:01  Roach x3  
  136  11:02  Roach x3  
  148  11:18  Mutalisk x3  
Show
View Real Time Build Order
Export as new Build Order

RiSky Zerg 

Build Orders: Hatch First 

Get SALT Encoding   

  12  0:00  Drone  
  13  0:13  Overlord  
  13  0:17  Drone  
  14  0:31  Drone x2  
  16  0:49  Hatchery  
  15  0:51  Drone  
  15  0:55  Drone  
  17  0:59  Drone  
  18  1:09  Extractor  
  17  1:14  Spawning Pool  
  17  1:17  Drone  
  17  1:20  Drone  
  18  1:28  Drone  
  20  2:01  Zergling x8  
  20  2:02  Queen  
  21  2:20  Drone x2  
  23  2:23  Drone  
  23  2:24  Drone  
  25  2:35  Zergling x4  
  25  2:45  Drone  
  25  2:49  Overlord  
  26  2:55  Drone  
  27  3:06  Queen, Overlord  
  27  3:08  Drone x2  
  31  3:17  Drone x2  
  31  3:18  Drone  
  31  3:19  Drone  
  35  3:23  Metabolic Boost  
  35  3:27  Drone  
  35  3:30  Drone  
  35  3:31  Zergling x2  
  38  3:38  Zergling x2  
  39  3:45  Drone  
  39  3:46  Drone x2  
  39  3:48  Drone  
  43  3:56  Hatchery  
  43  3:59  Drone  
  43  4:00  Zergling x2  
  44  4:03  Overlord  
  44  4:08  Overlord  
  44  4:15  Evolution Chamber  
  43  4:21  Drone x2  
  45  4:29  Zergling x4  
  47  4:32  Drone  
  47  4:33  Lair  
  47  4:34  Extractor  
  47  4:35  Drone  
  47  4:36  Roach Warren  
  47  4:38  Drone x2  
  49  4:41  Drone  
  49  4:43  Drone  
  51  4:46  Overlord  
  51  4:48  Drone  
  51  4:49  Drone  
  51  4:50  Drone  
  54  4:53  Drone  
  54  4:54  Drone  
  54  4:58  Drone  
  56  5:02  Overlord  
  55  5:07  Extractor  
  55  5:13  Overlord  
  54  5:16  Queen, Roach x2  
  54  5:19  Roach x2  
  64  5:22  Roach  
  66  5:31  Roach x2  
  66  5:32  Drone  
  66  5:33  Drone x3  
  74  5:36  Queen  
  74  5:38  Glial Reconstitution  
  76  5:43  Queen  
  76  5:46  Roach  
  80  5:51  Roach x2  
  80  5:55  Overseer  
  84  5:59  Overlord  
  84  6:02  Roach  
  84  6:03  Roach  
  84  6:04  Overlord  
  88  6:08  Overlord  
  88  6:13  Overlord  
  88  6:18  Roach x2  
  92  6:19  Zerg Missile Weapons Level 1  
  92  6:20  Overlord  
  92  6:22  Roach  
  92  6:25  Roach  
  96  6:29  Roach  
  96  6:32  Roach  
  100  6:34  Roach  
  100  6:37  Roach  
  100  6:38  Overlord  
  100  6:39  Roach  
  105  6:52  Roach x4  
  113  6:54  Roach  
  113  6:56  Overlord  
  113  7:00  Roach  
  117  7:06  Roach x2  
  121  7:09  Overlord  
  121  7:10  Roach x2  
  124  7:16  Queen x2  
  124  7:17  Drone x3  
  127  7:29  Roach x5  
  127  7:33  Queen  
  101  7:46  Spore Crawler  
  101  7:47  Spore Crawler  
  101  7:50  Spore Crawler  
  90  7:51  Queen  
  90  7:52  Queen  
  90  7:54  Spore Crawler  
  90  7:57  Roach x2  
  93  8:01  Roach  
  93  8:02  Roach  
  97  8:06  Roach  
  97  8:09  Roach x2  
  102  8:14  Roach x2  
  108  8:20  Roach x3  
  108  8:31  Roach x3  
  112  8:42  Queen  
  112  8:43  Hatchery  
  113  8:56  Extractor  
  113  8:58  Nydus Network  
  113  8:59  Zergling x8  
  115  9:12  Overlord  
  115  9:15  Overlord  
  115  9:24  Overlord x2  
  115  9:30  Queen, Overlord  
  117  9:32  Roach x3  
  117  9:34  Roach  
  117  9:37  Roach  
  123  9:41  Nydus Canal  
  123  9:44  Roach x2  
  123  9:52  Roach  
  125  9:56  Roach  
  125  10:03  Roach  
  125  10:04  Queen  
  125  10:07  Roach  
  94  10:25  Queen  
  89  10:33  Roach x3  
  91  10:37  Spore Crawler x3  
  91  10:39  Queen  
  87  10:53  Nydus Canal  
  87  10:57  Roach x3  
  87  10:58  Roach  
  87  11:03  Queen  
  95  11:15  Queen  
  95  11:28  Roach x3  
  101  11:35  Roach x2  
Tags
 
Add a new tag
Caveats
  • Supply blocks, unpowered buildings, or Contaminate may cause inaccurate times.
  • Supply counts are checked every 10 seconds.